 Dungeon Crawl Stone Soup version 0.26.1-10-gdfb7c7de75 (webtiles) character file.

Game seed: 4655697485582511502

52 phalm the Charlatan (level 3, 0/18 HPs)
             Began as a Spriggan Artificer on Apr 6, 2021.
             Succumbed to an adder's poison
             ... on level 2 of the Dungeon.
             The game lasted 00:04:29 (2016 turns).

phalm the Charlatan (Spriggan Artificer)            Turns: 2016, Time: 00:04:29

Health: 0/18       AC:  2    Str:  8    XL:     3   Next: 60%
Magic:  4/4        EV: 19    Int: 12    God:
Gold:   33         SH:  5    Dex: 17    Spells: 2/2 levels left

rFire    . . .     SeeInvis +   a - +0 short sword
rCold    . . .     Faith    .   (shield restricted)
rNeg     . . .     Spirit   .   f - +0 robe
rPois    .         Reflect  +   (helmet restricted)
rElec    .         Harm     .   (no cloak)
rCorr    .         Rampage  .   (gloves unavailable)
Will     .....                  (boots unavailable)
Stlth    ++........             o - amulet of reflection
HPRegen  0.06/turn              l - ring of wizardry
MPRegen  0.09/turn              (no ring)

@: mighty, lethally poisoned (0 -> -7), very quick
A: very small, unfitting armour, see invisible, speed 3
a: no special abilities


You were on level 2 of the Dungeon.
You visited 1 branch of the dungeon, and saw 2 of its levels.

You collected 33 gold pieces.

Inventory:

Hand Weapons
 a - a +0 short sword (weapon)
 b - a +0 hunting sling
Missiles
 i - 8 sling bullets
 j - 38 stones
Armour
 f - a +0 robe (worn)
Jewellery
 l - a ring of wizardry (left hand)
 o - an amulet of reflection (around neck)
Wands
 c - a wand of flame (14) (quivered)
 d - a wand of enslavement (15)
 e - a wand of random effects (14)
Scrolls
 g - 4 scrolls of identify {unknown}
 k - a scroll of immolation {unknown}
 m - 2 scrolls of magic mapping {unknown}
 n - a scroll of amnesia {unknown}
 p - a scroll of blinking {unknown}
 q - 3 scrolls of remove curse {unknown}
 r - a scroll of fog {unknown}
 s - a scroll of random uselessness {unknown}


   Skills:
 + Level 1.3 Fighting
 + Level 1.0 Short Blades
 + Level 1.4 Slings
 + Level 4.2 Dodging
 + Level 2.6 Stealth
 + Level 4.3 Evocations


You had 2 spell levels left.
You didn't know any spells.
Your spell library was empty.

Dungeon Overview and Level Annotations

Branches:
Dungeon (2/15)

Altars:


Innate Abilities, Weirdness & Mutations

You are very small and have problems with some larger weapons.
You are too small for most types of armour.
You have supernaturally acute eyesight. (SInv)
You cover ground extremely quickly.


Message History

You feel sick.
* * * LOW HITPOINT WARNING * * *
You feel sick.
There is a stone staircase leading down here.
* * * LOW HITPOINT WARNING * * *
You feel sick.
* * * LOW HITPOINT WARNING * * *
You feel sick.
Aiming: Random Effects
Press: ? - help, Shift-Dir - straight line, f - you That beam is likely to hit you.
Continue anyway?
You are confused.
You are too confused!
* * * LOW HITPOINT WARNING * * *
You feel sick.
There is a lethal amount of poison in your body!
* * * LOW HITPOINT WARNING * * *
You feel sick.
You feel less confused.
You die...

#...............+
##########..###.# ##.###.#
#..##.# ##.##.# . #..#.#
.. ######### ##.#.# ...
........#######'#.# ...(
................@.# .(...
.....(............##......
...................+......
.......)..........##......
.....†............# .....
####..............# ....
#.............># ...
#.............## ..
###############


r There were no monsters in sight!

Vanquished Creatures
  2 adders (D:2)
  A dart slug (D:1)
  A leopard gecko (D:1)
  3 giant cockroaches
  2 goblins
  2 hobgoblins (D:1)
  3 jackals (D:1)
  4 bats
  2 frilled lizards (D:2)
  6 kobolds
  7 rats (D:1)
33 creatures vanquished.

Notes
Turn   | Place    | Note
-------+----------+-------------------------------------------
     0 | D:1      | phalm the Spriggan Artificer began the quest for the Orb.
     0 | D:1      | Reached XP level 1. HP: 9/9 MP: 2/2
   312 | D:1      | Reached skill level 1 in Fighting
   445 | D:1      | Reached XP level 2. HP: 14/14 MP: 3/3
   891 | D:1      | Reached skill level 1 in Slings
  1586 | D:2      | Reached XP level 3. HP: 10/18 MP: 4/4
  1998 | D:2      | Reached skill level 1 in Short Blades
  2016 | D:2      | Succumbed to an adder's poison

Illustrated notes

Levels and vault maps discovered:
D:1:      lemuel_arrival_muddy, layout_basic, serial_forest,
          infiniplex_forest_lined_ring, infiniplex_forest_clump_C,
          infiniplex_forest_side_room, infiniplex_forest_lined_room_2,
          infiniplex_forest_side_room, infiniplex_forest_lined_3,
          infiniplex_forest_fountain, infiniplex_forest_lined_2,
          minmay_pentomino_v4
D:2:      layout_basic

Skill      XL: |  1  2  3 |
---------------+----------+-----
Fighting       | 1 |  1.3
Stealth        | 2 |  2.6
Slings         | 1 |  1.4
Dodging        | 4 |  4.2
Short Blades   | 1 |  1.0
Evocations     | |  4.3

Action                   || total
-------------------------++-------
Melee: Club              ||     2
       Short sword       ||    81
 Fire: Hunting sling     ||    52
Evoke: Wand              ||     2
  Use: Potion            ||     1
 Stab: Sleeping          ||     4
Armor: Robe              ||     7
Dodge: Dodged            ||    80
Block: Other             ||    11
       Reflection        ||     1
